 Dungeon Crawl Stone Soup version 0.23-a0-448-g1c01f63 (webtiles) character file.

6227 pmoppi the Cleaver (level 10, -14/93 HPs)
             Began as a Minotaur Berserker on Nov 20, 2018.
             Was a High Priest of Trog.
             Demolished by Snorg (17 damage)
             ... on level 10 of the Dungeon.
             The game lasted 00:20:30 (7671 turns).

pmoppi the Cleaver (Minotaur Berserker)             Turns: 7671, Time: 00:20:31

Health: -14/93     AC: 14    Str: 22    XL:     10   Next: 61%
Magic:  9/9        EV:  9    Int:  7    God:    Trog [*****.]
Gold:   469        SH:  0    Dex: 15    Spells: 9/9 levels left

rFire    . . .     SeeInvis .   b - +1 battleaxe
rCold    . . .     Gourm    .   (shield currently unavailable)
rNeg     . . .     Faith    .   y - +0 plate armour
rPois    .         Spirit   .   (helmet restricted)
rElec    .         Reflect  .   (no cloak)
rCorr    .         Harm     .   (no gloves)
MR       .....                  (no boots)
Stlth    ..........             (no amulet)
HPRegen  0.25/turn              w - +5 ring of dexterity
MPRegen  0.11/turn              (no ring)

@: slowed, very slow
A: retaliatory headbutt, horns 2
a: Berserk, Trog's Hand, Brothers in Arms, Renounce Religion


You were on level 10 of the Dungeon.
You worshipped Trog.
Trog was extremely pleased with you.
You were not hungry.

You visited 1 branch of the dungeon, and saw 10 of its levels.

You collected 469 gold pieces.

Inventory:

Hand Weapons
 a - a +3 war axe of flaming
 b - a +1 battleaxe (weapon)
 n - a +0 hand axe
 H - a +0 hand axe of freezing
 O - a +7 blowgun
Missiles
 P - 5 curare-tipped needles
Armour
 p - a +1 chain mail
 q - a +0 leather armour of poison resistance
 t - a +3 leather armour of fire resistance
 y - a +0 plate armour (worn)
Magical Staves
 G - an uncursed staff of cold
Jewellery
 w - a +5 ring of dexterity (left hand)
 M - an uncursed ring of ice
Wands
 k - a wand of clouds (7)
 s - a wand of digging (6)
 C - a wand of paralysis (22)
 F - a wand of random effects (7)
 I - a wand of polymorph (1)
 K - a wand of scattershot (6)
 L - a wand of acid (10)
Scrolls
 e - 6 scrolls of remove curse
 f - a scroll of fear
 g - 5 scrolls of identify
 j - a scroll of fog
 m - 2 scrolls of enchant weapon
 o - 2 scrolls of teleportation
 r - 2 scrolls of enchant armour
 E - 3 scrolls of magic mapping
 J - a scroll of blinking {unknown}
Potions
 d - 2 potions of curing
 h - 4 potions of heal wounds
 i - a potion of berserk rage
 l - 2 potions of might
 u - a potion of cancellation
 v - a potion of mutation
 x - 2 potions of flight
 z - a potion of agility
 A - a potion of invisibility
 B - a potion of lignification
 D - a potion of resistance
Comestibles
 c - 12 rations
 N - a chunk of flesh


   Skills:
 + Level 10.2 Fighting
 * Level 13.4 Axes
 + Level 8.9 Armour
 - Level 5.0 Dodging


You had 9 spell levels left.
You didn't know any spells.
Your spell library contained the following spells:

 Spells                   Type           Power        Failure   Level  Hunger
 Animate Skeleton         Necr           N/A          100%        1    ##.....
 Apportation              Tloc           #.....       100%        1    ##.....
 Confusing Touch          Hex            #.....       100%        1    ##.....
 Corona                   Hex            #......      100%        1    ##.....
 Pain                     Necr           #...         100%        1    ##.....
 Sandblast                Erth           #.....       100%        1    ##.....
 Summon Small Mammal      Summ           #...         100%        1    ##.....
 Passwall                 Tmut/Erth      #.......     100%        2    ###....
 Poisonous Vapours        Pois/Air       #.....       100%        2    ###....
 Slow                     Hex            #.......     100%        2    ###....
 Conjure Flame            Conj/Fire      #.......     100%        3    ####...
 Inner Flame              Hex/Fire       #.......     100%        3    ####...
 Mephitic Cloud           Conj/Pois/Air  #.......     100%        3    ####...
 Portal Projectile        Hex/Tloc       #.....       100%        3    ####...
 Regeneration             Chrm/Necr      #.........   100%        3    ####...
 Stone Arrow              Conj/Erth      #.....       100%        3    ####...
 Vampiric Draining        Necr           #.........   100%        3    ####...
 Animate Dead             Necr           N/A          100%        4    #####..
 Cause Fear               Hex            #.........   100%        4    #####..
 Leda's Liquefaction      Hex/Erth       #.........   100%        4    #####..
 Petrify                  Tmut/Erth      #.......     100%        4    #####..
 Lee's Rapid Deconstruct  Erth           #.........   100%        5    ######.
 Freezing Cloud           Conj/Ice/Air   #.........   100%        6    #######
 Ring of Flames           Chrm/Fire      #.........   100%        7    #######


Dungeon Overview and Level Annotations

Branches:
Dungeon (10/15)            Temple (0/1) D:7             Orc (0/2) D:9
   Lair: D:8-11

Altars:
Dithmenos
Elyvilon
Fedhas
Makhleb
Nemelex Xobeh
Qazlal
Trog
Xom

Shops:
D:4 *[![   D:6 *(*

Annotations:
D:10 Snorg


Innate Abilities, Weirdness & Mutations

You reflexively headbutt those who attack you in melee.
You have a pair of horns on your head.


Message History

a +1 dagger of venom; a +7 blowgun; 5 curare-tipped needles
O - a +7 blowgun;
P - 5 curare-tipped needles Snorg the Insatiable comes into view.
Snorg shouts!
Snorg is nearby!
Snorg is nearby!
Snorg is nearby!
Snorg goes berserk!
Your ogre goes berserk!
You feel somewhat more hungry. Snorg bites you!
Snorg claws you but does no damage. Snorg barely misses you.
Your ogre barely misses Snorg.
Snorg bites you!!
* * * LOW HITPOINT WARNING * * *
Snorg claws you!
* * * LOW HITPOINT WARNING * * *
Snorg barely misses you.
Your ogre hits Snorg with a +0 giant club!!
Snorg barely misses you. You furiously retaliate!
You headbutt Snorg! Snorg claws you but does no damage. Snorg claws you!
You die...

.....# #.# .....# #.# #.##.##.#
#.# #.##.##.# #.#
#.##.##.######.# #.##........##.#
#.....).###.##O###########
#.##..#.......T..........#
.###.##))#..##..@###..#####.#
....>..)....##...# #.....##.#.##.
####.##<....)....###..##....%....
#.##.##.###........#####.#.###
#.......# #........# # ###...###
#.##.#.#.. #...# #.##.#.### #...#
#......# #.... .## .##


You could see Snorg (berserk) and a friendly ogre (berserk).

Vanquished Creatures
  Fannar (D:10)
  Sonja (D:10)
  Pikel (D:6)
  2 trolls (D:9)
  2 hippogriffs (D:9)
  2 hungry ghosts (D:9)
  Menkaure (D:5)
  2 ice beasts
  A sky beast (D:8)
  3 orc warriors
  3 slaves (D:6)
  A phantom (D:9)
  4 ogres
  2 centaurs
  A big kobold (D:8)
  Blork the orc (D:3)
  A wyvern zombie (D:9)
  A bullfrog (D:9)
  3 troll zombies (D:9)
  A scorpion (D:5)
  4 killer bees (D:8)
  7 wights
  A howler monkey (D:8)
  3 crimson imps
  A bullfrog zombie (D:5)
  A bullfrog skeleton (D:4)
  4 orc priests
  2 hounds
  2 centaur skeletons
  2 iguanas
  Ijyb (D:4)
  3 orc wizards
  3 worker ants
  5 ogre zombies (D:9)
  A hound zombie (D:9)
  Robin (D:2)
  7 adders
  23 gnolls
  A howler monkey skeleton (D:4)
  A shadow imp (D:4)
  2 oozes (D:1)
  An adder zombie (D:8)
  3 worms
  A dart slug (D:1)
  4 leopard geckos
  31 orcs
  6 bats
  7 giant cockroaches
  16 goblins
  11 hobgoblins
  20 jackals
  14 kobolds
  3 quokkas (D:3)
  2 ball pythons
  8 frilled lizards
  A goblin skeleton (D:9)
  5 goblin zombies (D:9)
  A hobgoblin skeleton (D:9)
  2 hobgoblin zombies (D:9)
  3 orc skeletons (D:9)
  13 orc zombies (D:9)
  8 rats
269 creatures vanquished.

Notes
Turn   | Place    | Note
-------+----------+-------------------------------------------
     0 | D:1      | pmoppi the Minotaur Berserker began the quest for the Orb.
     0 | D:1      | Reached XP level 1. HP: 19/19 MP: 0/0
   286 | D:1      | Reached XP level 2. HP: 24/27 MP: 1/1
   307 | D:1      | Reached skill level 4 in Axes
   435 | D:1      | Reached XP level 3. HP: 22/33 MP: 2/2
   846 | D:2      | Reached ** piety under Trog
  1220 | D:2      | Reached XP level 4. HP: 37/40 MP: 3/3
  1232 | D:2      | Reached skill level 5 in Axes
  1236 | D:2      | Noticed Robin
  1252 | D:2      | Killed Robin
  1548 | D:3      | Reached XP level 5. HP: 33/47 MP: 4/4
  1796 | D:3      | Reached *** piety under Trog
  2275 | D:3      | Found a white marble altar of Elyvilon.
  2357 | D:3      | Reached XP level 6. HP: 31/55 MP: 5/5
  2362 | D:3      | Reached skill level 6 in Axes
  2517 | D:4      | Noticed Blork the orc
  2530 | D:3      | Killed Blork the orc
  2530 | D:3      | Reached skill level 5 in Fighting
  2780 | D:4      | Found a sparkling altar of Nemelex Xobeh.
  2803 | D:4      | Found Koygiat's General Store.
  2805 | D:4      | Noticed Ijyb
  2823 | D:4      | Killed Ijyb
  2906 | D:4      | Reached XP level 7. HP: 61/61 MP: 6/6
  2913 | D:4      | Found Sufuut's Distillery.
  2953 | D:4      | Reached skill level 7 in Axes
  3015 | D:4      | Found Xularet's Armour Emporium.
  3029 | D:4      | Found Iruniefo's Antique Armour Shoppe.
  3215 | D:4      | Reached skill level 5 in Armour
  3320 | D:5      | Entered Level 5 of the Dungeon
  3380 | D:5      | Reached **** piety under Trog
  3529 | D:5      | Reached skill level 8 in Axes
  3529 | D:5      | Reached skill level 5 in Dodging
  3708 | D:5      | Reached XP level 8. HP: 70/70 MP: 7/7
  3848 | D:5      | Noticed Menkaure
  3859 | D:5      | Killed Menkaure
  4007 | D:6      | Found Icre's Assorted Antiques.
  4010 | D:6      | Found Liomimul's Antique Weapon Shop.
  4015 | D:6      | Reached skill level 9 in Axes
  4241 | D:6      | Noticed Pikel
  4364 | D:6      | Killed Pikel
  4364 | D:6      | Reached skill level 10 in Axes
  4413 | D:6      | Reached XP level 9. HP: 75/81 MP: 8/8
  4429 | D:6      | Found Voublenee's General Store.
  4881 | D:7      | Found a staircase to the Ecumenical Temple.
  5279 | D:8      | Found a bloodstained altar of Trog.
  5281 | D:8      | Found a shadowy altar of Dithmenos.
  5283 | D:8      | Found a burning altar of Makhleb.
  5509 | D:8      | Reached ***** piety under Trog
  5520 | D:8      | Reached skill level 11 in Axes
  6415 | D:9      | Noticed a troll
  6425 | D:9      | Killed a troll
  6513 | D:9      | Reached skill level 12 in Axes
  6770 | D:9      | Found a stormy altar of Qazlal.
  6796 | D:9      | Found a blossoming altar of Fedhas.
  6829 | D:9      | Reached XP level 10. HP: 85/91 MP: 9/9
  7195 | D:9      | Found a staircase to the Orcish Mines.
  7202 | D:9      | Received a gift from Trog
  7307 | D:9      | Found a shimmering altar of Xom.
  7402 | D:10     | Entered Level 10 of the Dungeon
  7402 | D:10     | Noticed Sonja
  7402 | D:10     | Noticed Fannar
  7590 | D:10     | Killed Fannar
  7590 | D:10     | Reached skill level 10 in Fighting
  7590 | D:10     | Reached skill level 13 in Axes
  7645 | D:10     | Killed Sonja
  7661 | D:10     | Noticed Snorg
  7670 | D:10     | HP: 3/93 [Snorg (8)]
  7671 | D:10     | Demolished by Snorg

Vault maps used:
D:1:      giann_horns
D:2:      first_ration, uniq_robin
D:3:      old_standard_altar
D:4:      serial_shops, shop, nicolae_shop_behind_doors, kennysheep_mini_moat,
          shop, nemelex_xobeh_ov_fountains_minmay, uniq_blork_the_orc, uniq_ijyb
D:5:      kennysheep_donut, minmay_crystal_room, st_stairs_1, uniq_menkaure
D:6:      serial_shops, nicolae_shop_temple_entry_statues_fountains, shop,
          nicolae_shop_statue_plus, uniq_pikel
D:7:      minmay_temple_entry_fiery
D:8:      grunt_temple_overflow_open
D:9:      grunt_temple_overflow_forces_of_nature, marbit_many_paths,
          zombieorc2_lemuel
D:10:     uniq_sonja, uniq_snorg, uniq_fannar

Skill      XL: |  1  2  3  4  5  6  7  8  9 10 |
---------------+-------------------------------+-----
Axes           | 4 5 6 8 10 12 13 | 13.4
Fighting       | 4 5 6 7 9 10 | 10.2
Armour         | 3 4 5 7 8 |  8.9
Dodging        | 3 4 5 |  5.0

Action                   |  1- 3 |  4- 6 |  7- 9 | 10-12 || total
-------------------------+-------+-------+-------+-------++-------
Melee: Hand axe          |    81 |   115 |       |       ||   196
       Headbutt          |    16 |    17 |    46 |    24 ||   103
       Battleaxe         |       |    30 |   270 |    79 ||   379
Invok: Berserk           |       |     6 |     7 |     2 ||    15
       Trog's Hand       |       |     2 |     4 |     1 ||     7
       Brothers in Arms  |       |       |       |     1 ||     1
Evoke: Wand              |       |       |       |     2 ||     2
  Use: Scroll            |       |       |    19 |       ||    19
       Potion            |       |       |       |     3 ||     3
 Stab: Paralysed         |       |       |       |     2 ||     2
  Eat: Chunk             |     1 |    10 |    19 |     2 ||    32
       Ration            |       |       |     1 |     2 ||     3
Armor: Ring mail         |    21 |    21 |       |       ||    42
       Chain mail        |       |    29 |    22 |       ||    51
       Leather armour    |       |       |    22 |       ||    22
       Plate armour      |       |       |    99 |    66 ||   165
Dodge: Dodged            |    49 |   100 |   172 |    46 ||   367

Table legend:
 A = Non-vault XP
 B = Vault XP
 C = Vault XP percentage of total XP
 D = Non-vault monster count
 E = Vault monster count
 F = Vault count percentage of total count
                 A         B        C        D         E       F
            +---------+---------+-------+---------+---------+-------
      Total |    5063 |    3834 |  43.1 |     210 |      56 |  21.1
            +---------+---------+-------+---------+---------+-------
        D:1 |      52 |       0 |   0.0 |      25 |       0 |   0.0
        D:2 |      97 |      38 |  28.1 |      21 |      12 |  36.4
        D:3 |     240 |      96 |  28.6 |      40 |       1 |   2.4
        D:4 |     444 |      36 |   7.5 |      19 |       1 |   5.0
        D:5 |     446 |     249 |  35.8 |      25 |       2 |   7.4
        D:6 |     734 |     607 |  45.3 |      18 |       1 |   5.3
        D:7 |      19 |       0 |   0.0 |       3 |       0 |   0.0
        D:8 |    1232 |       0 |   0.0 |      31 |       0 |   0.0
        D:9 |    1558 |     945 |  37.8 |      23 |      37 |  61.7
       D:10 |     241 |    1863 |  88.5 |       5 |       2 |  28.6
            +---------+---------+-------+---------+---------+-------
